[Event "Late-Titled-Tuesday-Blitz-April-16-2024"]
[Site "Chess.com"]
[Date "2024.04.16"]
[Round "6"]
[White "ferdipy"]
[Black "Viktoker"]
[Result "1-0"]
[WhiteElo "2329"]
[BlackElo "2470"]
[TimeControl "180+1"]
[EndTime "15:02:49 PDT"]
[Termination "ferdipy won by checkmate"]

1. e4 c6 2. d4 d5 3. exd5 cxd5 4. Bd3 Nc6 5. c3 Qc7 6. Nf3 Bg4 7. h3 Bh5 8. Bg5 e6 9. Nbd2 Bd6 10. O-O f6 11. Be3 Nge7 12. Be2 O-O-O 13. c4 g5 14. c5 Bf4 15. Bxf4 gxf4 16. b4 Bxf3 17. Nxf3 e5 18. b5 Nxd4 19. Nxd4 exd4 20. Qxd4 Qe5 21. Bg4+ Kb8 22.
Qa4 f5 23. b6 a6 24. Rfe1 Qf6 25. Qxf4+ Ka8 26. Bf3 Nc6 27. Rad1 d4 28. Bxc6 Qxc6 29. Rxd4 Rhg8 30. Rxd8+ Rxd8 31. Qxf5 Rg8 32. f3 a5 33.
Re6 Qc8 34. Rf6 Qd8 35. Rd6 Qe8 36. Qe4 Qc8 37. c6 bxc6 38. Qxc6+ Qxc6 39. Rxc6 Kb7 40. Rh6 Rg7 41. a4 Rd7 42. g4 Rd4 43. Rxh7+ Kxb6 44.
h4 Rxa4 45. h5 Ra2 46. Rh8 a4 47. Rb8+ Ka7 48. Rb4 a3 49. h6 Ra1+ 50. Kh2 Ka6 51. h7 Ka5 52. Rb8 a2 53. h8=Q Rh1+ 54. Kxh1 a1=Q+ 55. Qxa1# 1-0

[Event "Late-Titled-Tuesday-Blitz-April-16-2024"]
[Site "Chess.com"]
[Date "2024.04.16"]
[Round "6"]
[White "stollenmonster"]
[Black "AlphaGoosee"]
[Result "1-0"]
[WhiteElo "2884"]
[BlackElo "2584"]
[TimeControl "180+1"]
[EndTime "15:02:52 PDT"]
[Termination "stollenmonster won by resignation"]

1. e4 c5 2. Nf3 d6 3. d4 cxd4 4.
Nxd4 Nf6 5. Nc3 a6 6. a4 e5 7. Nde2 Be7 8. g3 h5 9. h3 O-O 10. Bg2 Be6 11. O-O Nbd7 12. a5 b6 13. axb6 Nxb6 14. Nd5 Nfxd5 15. exd5 Bf5 16. Ra2 Qc8 17. b3 Bxh3 18. Be3 Bxg2 19. Kxg2 Qb7 20. c4 Nd7 21. Nc3 Rfb8 22. Qxh5 Nf6 23. Qh3 Qxb3 24.
Rh1 Kf8 25. Bd2 Ng8 26. Ra4 Rb4 27. Rxb4 Qxb4 28. Qg4 Qb8 29. c5 dxc5 30. Rh7 g6 31. Qf3 f5 32. d6 Bf6 33. Qd5 Bg7 34. Bg5 a5 35. d7 Ne7 36. Bxe7+ Kxe7 37. Rxg7+ 1-0

[Event "Late-Titled-Tuesday-Blitz-April-16-2024"]
[Site "Chess.com"]
[Date "2024.04.16"]
[Round "6"]
[White "1800_strength"]
[Black "Andrii_Prydun"]
[Result "1-0"]
[WhiteElo "2725"]
[BlackElo "2365"]
[TimeControl "180+1"]
[EndTime "15:02:55 PDT"]
[Termination "1800_strength won on time"]

1. g4 d5 2. Bg2 e5 3. d4 e4 4. g5 h6 5. h4 Ne7 6. f3 Nf5 7. fxe4 dxe4 8. Bxe4 Ng3 9. Qd3 Nxh1 10. Bxh1 Nc6 11. Nf3 hxg5 12. Bxg5 Be7 13. Bg2 Bg4 14. d5 Nb4 15. Qe4 Bxf3 16. Bxf3 Kf8 17. a3 Bxg5 18.
hxg5 Qxg5 19. axb4 Qc1+ 20. Kf2 Qxb2 21. d6 Qxa1 22.
Qxb7 Qd4+ 23. e3 Qh4+ 24. Ke2 Qh2+ 25. Bg2 Rd8 26. dxc7 Qh5+ 27. Bf3 Qh2+ 28. Kf1 Qh3+ 29. Bg2 Qf5+ 30. Ke1 1-0

[Event "Late-Titled-Tuesday-Blitz-April-16-2024"]
[Site "Chess.com"]
[Date "2024.04.16"]
[Round "6"]
[White "BardArtem"]
[Black "Firouzja2003"]
[Result "0-1"]
[WhiteElo "2829"]
[BlackElo "3034"]
[TimeControl "180+1"]
[EndTime "15:02:56 PDT"]
[Termination "Firouzja2003 won on time"]

1. e4 c5 2. Nf3 d6 3. Nc3 Nf6 4. e5 dxe5 5. Nxe5 a6 6. g3 Qd6 7. Nf3 Nc6 8. Bg2 Bg4 9. h3 Bh5 10. O-O e6 11. d3 Be7 12. Bf4 Qd7 13. g4 Bg6 14. Ne5 Nxe5 15. Bxe5 O-O 16. Qf3 b5 17. h4 h5 18. g5 Ng4 19. Bg3 Bd6 20. Qb7 Qxb7 21. Bxb7 Bxg3 22. fxg3 Ra7 23. Bf3 Ne3 24.
Rf2 Rd8 25. Re1 Nf5 26. Ne4 Rc7 27. Kh2 c4 28. dxc4 Rxc4 29. c3 Rd3 30. Nd2 Ra4 31. Be4 Rd7 32. a3 Ne7 33. Bxg6 Nxg6 34. Nb3 Rd5 35.
Rfe2 Rc4 36. Nd4 a5 37. Nc2 Rc8 38. Kg2 Rcd8 39. Kf2 Ne7 40. Nd4 b4 41. axb4 axb4 42.
Re5 bxc3 43. bxc3 Rc8 44. Rxd5 Nxd5 45. Ne2 Nxc3 46. Nxc3 Rxc3 47. g6 Rc6 48. gxf7+ Kxf7 49. Re5 g6 50. Ra5 Kf6 51. Kf3 Rc3+ 52. Kf4 e5+ 53. Ke4 Rxg3 54. Ra6+ Kg7 55. Kxe5 Rg4 56. Ra7+ Kh6 57.
Ra8 Rxh4 0-1

[Event "Late-Titled-Tuesday-Blitz-April-16-2024"]
[Site "Chess.com"]
[Date "2024.04.16"]
[Round "6"]
[White "IMRosen"]
[Black "XiaoKangZhong"]
[Result "1-0"]
[WhiteElo "2729"]
[BlackElo "2540"]
[TimeControl "180+1"]
[EndTime "15:02:56 PDT"]
[Termination "IMRosen won by resignation"]

1. d4 Nf6 2. Bf4 b6 3. Nf3 Bb7 4. c4 e6 5. e3 c5 6. d5 exd5 7. Nc3 Be7 8. cxd5 d6 9. e4 O-O 10. a4 Re8 11. Be2 Bf8 12. Nd2 Ba6 13. O-O Bxe2 14. Qxe2 Nbd7 15. Rfe1 Ne5 16. h3 Qd7 17. Bg3 g5 18. Bxe5 dxe5 19. Nf1 Bg7 20. Ng3 h6 21. Nf5 Nh7 22. Qh5 Nf8 23. Nxh6+ Bxh6 24. Qxh6 Qd8 25. Ne2 Ng6 26. Ng3 Qf6 27. Nh5 Qh8 28.
Qxg5 Kf8 29. Ra3 Re7 30. Rf3 Qh7 31. d6 Rb7 32. d7 Ne7 33. Rd1 Rd8 34. Nf6 Qg6 35.
Qh4 Kg7 36. Rg3 1-0

[Event "Late-Titled-Tuesday-Blitz-April-16-2024"]
[Site "Chess.com"]
[Date "2024.04.16"]
[Round "6"]
[White "Yushko_Olga"]
[Black "katharinareinecke"]
[Result "1-0"]
[WhiteElo "2300"]
[BlackElo "2023"]
[TimeControl "180+1"]
[EndTime "15:02:57 PDT"]
[Termination "Yushko_Olga won on time"]

1. d4 d5 2. c4 c6 3. cxd5 cxd5 4. Nc3 Nf6 5. Nf3 Nc6 6. Bf4 e6 7. e3 Bd6 8. Bg5 a6 9. Bd3 h6 10. Bh4 O-O 11. O-O b5 12. Rc1 Bb7 13. Re1 Rc8 14.
e4 dxe4 15. Nxe4 Be7 16. Nc5 Bxc5 17. dxc5 Nb4 18. Bb1 Qxd1 19. Rexd1 Bxf3 20. gxf3 Rfd8 21. a3 Rxd1+ 22. Rxd1 Nbd5 23. b4 Nc3 24. Re1 Nxb1 25. Rxb1 Nd5 26. Kf1 g5 27. Bg3 Kg7 28. Be5+ Kg6 29.
Ke1 Kf5 30. Bd6 Nf4 31. Rd1 Nd5 32. Rd4 Nc3 33. Kd2 Nd5 34. Kc2 Rc6 35. Kb3 Rc8 36. Rd1 Rc6 37. a4 Rc8 38. axb5 axb5 39. Ra1 e5 40. Ra5 Nc7 41. Bxc7 Rxc7 42. Rxb5 e4 43. fxe4+ Kxe4 44. Rb6 h5 45. Rf6 h4 46.
Kc4 Ke5 47. Rf3 f5 48. b5 g4 49. Re3+ Kf4 50. b6 1-0

[Event "Late-Titled-Tuesday-Blitz-April-16-2024"]
[Site "Chess.com"]
[Date "2024.04.16"]
[Round "6"]
[White "Lukianoo"]
[Black "DrVelja"]
[Result "0-1"]
[WhiteElo "2828"]
[BlackElo "3019"]
[TimeControl "180+1"]
[EndTime "15:02:59 PDT"]
[Termination "DrVelja won by resignation"]

1. e4 c5 2. Nf3 Nc6 3. Bb5 e6 4. O-O Nge7 5. Re1 Nd4 6. Nxd4 cxd4 7. c3 a6 8. Bf1 Nc6 9. d3 Bc5 10. Nd2 O-O 11. Nb3 d6 12. cxd4 Nxd4 13. Be3 e5 14. Bxd4 Bxd4 15. Nxd4 exd4 16. f4 Qb6 17. Qd2 Bd7 18.
Rac1 Rac8 19. Rxc8 Rxc8 20. Rc1 Rc5 21. b3 Rc3 22. Rd1 Qc5 23. Qf2 Rc2 24. Rd2 Rc1 25.
h3 f6 26. Kh2 a5 27. g4 b5 28. Bg2 g5 29. e5 gxf4 30. exf6 Qe5 31. Re2 Qxf6 32. Bd5+ Kg7 33. g5 Qxg5 34. Qxd4+ Kh6 35. Qf2 Bxh3 36. Kxh3 Qf5+ 37. Kg2 Qg4+ 38. Kh2 Qh5+ 0-1

[Event "Late-Titled-Tuesday-Blitz-April-16-2024"]
[Site "Chess.com"]
[Date "2024.04.16"]
[Round "6"]
[White "VinzentSpitzl"]
[Black "PawnEatingZombie"]
[Result "1-0"]
[WhiteElo "2476"]
[BlackElo "2255"]
[TimeControl "180+1"]
[EndTime "15:03:02 PDT"]
[Termination "VinzentSpitzl won by resignation"]

1. Nf3 Nf6 2. d4 g6 3. c4 Bg7 4.
g3 O-O 5. Bg2 d6 6. O-O Nc6 7. Nc3 e5 8. dxe5 Nxe5 9. Nxe5 dxe5 10. Qxd8 Rxd8 11. Bg5 Rd7 12. Rad1 c6 13. b3 Rxd1 14.
Rxd1 Be6 15. Na4 Nd7 16. Be7 Bf8 17. Bd6 Bxd6 18. Rxd6 Kf8 19. e3 Ke7 20. Rd2 Rc8 21.
Kf1 b5 22. Nb2 Nc5 23. Ke2 b4 24. Nd3 Nxd3 25. Rxd3 c5 26. Bd5 Rd8 27. e4 Rd6 28.
f4 f6 29. Kf3 Ra6 30. Rd2 Ra3 31. g4 g5 32. f5 Bd7 33. Ke2 a5 34. Rb2 a4 35. Kf2 axb3 36. axb3 Ra1 37. Kf3 h5 38. gxh5 Be8 39. h6 Bh5+ 40. Kg2 Kf8 41. Be6 Bf7 42. Rd2 Bxe6 43. fxe6 Ra6 44. h7 Kg7 45. e7 Re6 46. Rd8 1-0

[Event "Late-Titled-Tuesday-Blitz-April-16-2024"]
[Site "Chess.com"]
[Date "2024.04.16"]
[Round "6"]
[White "SharathRk6"]
[Black "AEMEffi"]
[Result "1/2-1/2"]
[WhiteElo "2388"]
[BlackElo "2280"]
[TimeControl "180+1"]
[EndTime "15:03:02 PDT"]
[Termination "Game drawn by repetition"]

1. e4 d5 2. exd5 Qxd5 3. Nf3 Nf6 4. d4 Bg4 5. Be2 Nc6 6. Nc3 Qa5 7. O-O O-O-O 8. Be3 e6 9. h3 Bxf3 10. Bxf3 Nxd4 11.
Bxd4 c5 12. Bxb7+ Kxb7 13. Qf3+ Nd5 14. Nxd5 exd5 15. Qxf7+ Qc7 16. Qxc7+ Kxc7 17. Be5+ Kc6 18. Rfe1 h5 19. Rad1 h4 20. f4 Rh5 21. c3 Rf5 22. Re2 Bd6 23. Bxd6 Rxd6 24. Re7 d4 25. cxd4 cxd4 26. Rxg7 Rxf4 27. Rxa7 Rd8 28. Ra3 Re4 29. Rad3 Kc5 30. Kf2 Rf8+ 31. Rf3 Rfe8 32. Rd2 R8e5 33. Rc2+ Kd5 34. b4 Re1 35. Rc5+ Kd6 36. Rxe5 Rxe5 37.
a4 Kd5 38. Rf4 Kc4 39. Rxh4 Kc3 40. Rh8 d3 41. Rd8 Rf5+ 42. Ke3 Re5+ 43. Kf4 Re2 44.
g4 Rh2 45. Kg3 Re2 46. h4 d2 47. Kf4 Rf2+ 48. Kg5 Re2 49. h5 Re4 50. Rxd2 Kxd2 51.
h6 Rxb4 52. Kh5 Rxa4 53. g5 Ke3 54. h7 Ra1 55. Kh6 Kf4 56. g6 Kf5 57. Kg7 Rh1 58. Kf7 Rh2 59. Kg7 Rh1 60. Kf7 Rh2 61. Kg7 Rh1 1/2-1/2

[Event "Late-Titled-Tuesday-Blitz-April-16-2024"]
[Site "Chess.com"]
[Date "2024.04.16"]
[Round "6"]
[White "Mikhail_Bryakin"]
[Black "Korchmar_Vasiliy"]
[Result "1-0"]
[WhiteElo "2884"]
[BlackElo "2721"]
[TimeControl "180+1"]
[EndTime "15:03:03 PDT"]
[Termination "Mikhail_Bryakin won on time"]

1. Nf3 d5 2. e3 Nf6 3. c4 c6 4. b3 e6 5. Bb2 Bd6 6. Nc3 O-O 7. Qc2 e5 8. cxd5 cxd5 9. Nb5 Nc6 10. Nxd6 Qxd6 11. Bb5 Nb4 12. Qb1 e4 13. Nd4 a6 14.
Be2 Bg4 15. f3 Bd7 16. a3 Nc6 17. O-O Ne5 18. Qe1 exf3 19. gxf3 Ng6 20. Qg3 Qe7 21. Kh1 Rac8 22. Rg1 Rfe8 23. Rac1 Rxc1 24. Rxc1 Rc8 25.
Rxc8+ Bxc8 26. Qb8 Qf8 27. Qc7 h6 28. Bc3 Bh3 29.
Bb4 Qe8 30. Qxb7 Qe5 31. Qb6 Kh7 32. Qd6 Qh5 33. Qg3 Bd7 34. Bd3 Kg8 35. Qb8+ Kh7 36. Qg3 Kg8 37. Bxa6 Ne5 38. Be2 1-0

[Event "Late-Titled-Tuesday-Blitz-April-16-2024"]
[Site "Chess.com"]
[Date "2024.04.16"]
[Round "6"]
[White "GoltsevDmitry2000"]
[Black "DonkyDonkyDonkey"]
[Result "0-1"]
[WhiteElo "2783"]
[BlackElo "2918"]
[TimeControl "180+1"]
[EndTime "15:03:04 PDT"]
[Termination "DonkyDonkyDonkey won on time"]

1. e4 c5 2. Nf3 d6 3. d4 cxd4 4. Nxd4 Nf6 5. Nc3 a6 6. Be2 e6 7. O-O Qc7 8. Bg5 Be7 9. Qd2 h6 10. Bh4 O-O 11. Rad1 Nxe4 12. Nxe4 Bxh4 13. Nf3 Be7 14.
Nxd6 Rd8 15. Nxc8 Rxd2 16. Nxe7+ Qxe7 17. Rxd2 Nc6 18. Rfd1 Rd8 19. Rxd8+ Nxd8 20. Ne5 Qc7 21. Nc4 Nc6 22. c3 Ne5 23. Ne3 Qb6 24. Rd2 f5 25. g3 Ng6 26. Bc4 Kh7 27. Bb3 Ne5 28. Bd1 g5 29. Ng2 Qc6 30. Ne1 Kg7 31. Rd4 Kf6 32.
f4 gxf4 33. gxf4 Ng6 34. Nf3 Qb6 35. Bb3 Nxf4 36. Kf1 e5 37. Rd7 Qb5+ 0-1

[Event "Late-Titled-Tuesday-Blitz-April-16-2024"]
[Site "Chess.com"]
[Date "2024.04.16"]
[Round "6"]
[White "Lennis93"]
[Black "jaskol95"]
[Result "1-0"]
[WhiteElo "2759"]
[BlackElo "2545"]
[TimeControl "180+1"]
[EndTime "15:03:04 PDT"]
[Termination "Lennis93 won by checkmate"]

1. Nf3 Nf6 2. c4 c5 3. Nc3 e6 4. d4 cxd4 5. Nxd4 Nc6 6. Nxc6 bxc6 7. e4 e5 8. Be3 Bb4 9. Bd3 d6 10.
O-O O-O 11. Rc1 Ng4 12. Bd2 f5 13. exf5 Bxf5 14. Bxf5 Nxh2 15. Be6+ Kh8 16. Kxh2 Qh4+ 17. Kg1 Rf6 18. Bh3 Rg6 19. Qf3 Bc5 20. Ne4 Bd4 21. Nxd6 Rxd6 22. Bc3 Rf6 23. Qe2 Rg6 24. Bf5 Rh6 25. Bh3 Rg6 26. Kh2 Bc5 27.
Bxe5 Re8 28. Bxg7+ Kxg7 29. Qxe8 Bxf2 30. Qd7+ Kg8 31. Rc3 Qf6 32. Rf3 Qe5+ 33. Kh1 Bc5 34. Rf5 Qe3 35. Rf7 h5 36. Qd8+ Bf8 37. Qxf8# 1-0

[Event "Late-Titled-Tuesday-Blitz-April-16-2024"]
[Site "Chess.com"]
[Date "2024.04.16"]
[Round "6"]
[White "pooh2012"]
[Black "Romkachess"]
[Result "0-1"]
[WhiteElo "2516"]
[BlackElo "2685"]
[TimeControl "180+1"]
[EndTime "15:03:08 PDT"]
[Termination "Romkachess won on time"]

1. d4 Nf6 2. c4 e6 3. Nc3 Bb4 4. Qc2 O-O 5. Nf3 c5 6. dxc5 Na6 7. g3 Nxc5 8. Bg2 Nce4 9. O-O Bxc3 10. bxc3 Qa5 11.
Bb2 Qc5 12. a4 Qxc4 13. Ne5 Qd5 14. c4 Qd2 15. Qxd2 Nxd2 16. Rfd1 Nde4 17. Ba3 Re8 18. Rac1 h5 19. f3 Ng5 20. h4 Ngh7 21. f4 d5 22.
cxd5 exd5 23. Bxd5 Nxd5 24. Rxd5 Be6 25. Rb5 b6 26. a5 Nf6 27. axb6 axb6 28. Bb2 Ne4 29. Kg2 Ra2 30. Rxb6 Bd5 31. Kh3 Nf2+ 32. Kh2 f6 33. Rc5 Ba8 34. Nc4 Rxe2 35. Rb8+ Kh7 0-1

[Event "Late-Titled-Tuesday-Blitz-April-16-2024"]
[Site "Chess.com"]
[Date "2024.04.16"]
[Round "6"]
[White "Gabrielian_Artur"]
[Black "Denmark2015"]
[Result "1-0"]
[WhiteElo "2795"]
[BlackElo "2596"]
[TimeControl "180+1"]
[EndTime "15:03:09 PDT"]
[Termination "Gabrielian_Artur won on time"]

1. e4 e6 2. d4 d5 3. e5 c5 4. c3 Nc6 5. Nf3 Nge7 6. Na3 Bd7 7. Nc2 Qa5 8. dxc5 Qxc5 9. Bd3 Ng6 10. Qe2 Qb6 11. Ncd4 Be7 12. h4 Qc7 13. Nxc6 Bxc6 14. h5 Nf8 15. h6 g6 16. Bg5 Qd8 17. Bxe7 Qxe7 18. Nd4 Qg5 19. g3 Nd7 20. Nf3 Qe7 21.
Rh4 Nc5 22. Nd4 Bd7 23. Rf4 O-O 24. Rf6 a6 25. g4 Rac8 26. g5 b5 27. a3 Na4 28. Kf1 Rc7 29. Kg2 Bc8 30. Rh1 Nc5 31. Rh3 Ne4 32. Bxe4 dxe4 33. Qe3 Rc5 34. Qf4 Qc7 35.
b4 Rxe5 36. Nc6 Rxg5+ 37. Qxg5 Qxc6 38. Qc5 1-0

[Event "Late-Titled-Tuesday-Blitz-April-16-2024"]
[Site "Chess.com"]
[Date "2024.04.16"]
[Round "6"]
[White "alexrustemov"]
[Black "IMGC"]
[Result "1-0"]
[WhiteElo "2860"]
[BlackElo "2478"]
[TimeControl "180+1"]
[EndTime "15:03:13 PDT"]
[Termination "alexrustemov won on time"]

1. d4 Nf6 2. c4 c5 3. d5 b5 4. cxb5 a6 5. e3 g6 6. Nc3 Bg7 7. a4 axb5 8. Bxb5 O-O 9. e4 d6 10. Nf3 Na6 11. O-O Nc7 12. Bf4 Nxb5 13. axb5 Rb8 14. h3 Bd7 15. Qd3 Qb6 16. e5 Ne8 17. Rfe1 Bxb5 18. Qd2 dxe5 19. Bxe5 Rb7 20. Bxg7 Kxg7 21.
Re4 Nf6 22. Rh4 h5 23. Ne4 Bd7 24. Ne5 Nxe4 25. Rxe4 Bf5 26. Re2 Qd6 27. Qc3 Kg8 28. Nc6 Re8 29. Rae1 e6 30. dxe6 Rxe6 31. Rxe6 Bxe6 32. Ne5 Qd4 33. Nxg6 Qxc3 34. bxc3 Rb3 35. Nf4 1-0

[Event "Late-Titled-Tuesday-Blitz-April-16-2024"]
[Site "Chess.com"]
[Date "2024.04.16"]
[Round "6"]
[White "Road2GM3000"]
[Black "Jagerrmeisterr"]
[Result "1-0"]
[WhiteElo "2459"]
[BlackElo "2701"]
[TimeControl "180+1"]
[EndTime "15:03:15 PDT"]
[Termination "Road2GM3000 won by resignation"]

1. d4 Nf6 2. c4 e6 3. Nc3 Bb4 4. Nf3 b6 5. Bg5 h6 6. Bh4 g5 7.
Bg3 Ne4 8. Qc2 Bxc3+ 9. bxc3 Nxg3 10. fxg3 Bb7 11. e4 d6 12. Bd3 Nd7 13. O-O Qe7 14. a4 a5 15. Rab1 O-O-O 16. Qe2 h5 17. e5 g4 18.
exd6 Qxd6 19. Ng5 Rdf8 20. Nxf7 Rxf7 21. Rxf7 h4 22. Qxg4 h3 23. Be4 hxg2 24. Bxb7+ Kxb7 25. c5 Qc6 26. Qf3 Qxf3 27. Rxf3 Kc6 28. cxb6 Nxb6 29. Kxg2 Nxa4 30. c4 Nb6 31. c5 Nc4 32. Rc3 Kd5 33. Rbc1 Nd2 34. Ra3 Nc4 35. Ra4 Ne3+ 36. Kg1 Rb8 37. Rxa5 Rb2 38. Ra3 Nf5 39. Rd1 c6 40.
Rf3 Nxd4 41. h4 e5 42. h5 Ke4 43. Rf2 Rb3 44. Kg2 Re3 45. h6 Nf5 46. h7 Rxg3+ 47. Kh2 1-0

[Event "Late-Titled-Tuesday-Blitz-April-16-2024"]
[Site "Chess.com"]
[Date "2024.04.16"]
[Round "6"]
[White "LyonBeast"]
[Black "h4parah5"]
[Result "1-0"]
[WhiteElo "3144"]
[BlackElo "3035"]
[TimeControl "180+1"]
[EndTime "15:03:17 PDT"]
[Termination "LyonBeast won by resignation"]

1. d4 Nf6 2. c4 e6 3. Nc3 d5 4.
cxd5 exd5 5. Bg5 Be7 6. e3 h6 7. Bh4 O-O 8. Bd3 Re8 9. Nge2 c6 10. O-O Nbd7 11. Qc2 Nh5 12. Bxe7 Qxe7 13. Rae1 Nf8 14. Kh1 Bd7 15. Nc1 Nf6 16. f3 Ne6 17. Nb3 Qd6 18.
Qf2 c5 19. dxc5 Nxc5 20. Bc2 Rac8 21. Nd4 Qb6 22. Re2 Ne6 23. Nf5 Nc5 24. Rd1 Bxf5 25.
Bxf5 Rcd8 26. Red2 Na6 27. Kg1 g6 28. Bd3 Nb4 29.
e4 dxe4 30. Qxb6 axb6 31. Bxe4 Rxd2 32. Rxd2 Nxe4 33. Nxe4 Kg7 34. Rd7 Nxa2 35. Nd6 Re2 36. Rxf7+ Kg8 37. Rxb7 Rxb2 38. Ne4 b5 39. h4 b4 40. Kh2 Nc3 41. Nf6+ Kf8 42. Kh3 h5 43. g4 hxg4+ 44. fxg4 b3 45. Nd7+ Ke7 46. Nc5+ Kf6 47. g5+ Kf5 48. Rf7+ 1-0

[Event "Late-Titled-Tuesday-Blitz-April-16-2024"]
[Site "Chess.com"]
[Date "2024.04.16"]
[Round "6"]
[White "Harry_Rakkel"]
[Black "subham777"]
[Result "1-0"]
[WhiteElo "2717"]
[BlackElo "2533"]
[TimeControl "180+1"]
[EndTime "15:03:19 PDT"]
[Termination "Harry_Rakkel won by resignation"]

1. e4 e6 2. d4 d5 3. Nc3 Nf6 4. e5 Nfd7 5. Nce2 c5 6. c3 Nc6 7. Nf3 Qb6 8. a3 cxd4 9. cxd4 a5 10. h4 h6 11. Nf4 Be7 12. Rh3 g6 13. Qd3 Nf8 14. Be2 Bd7 15. Rb1 a4 16. Bd2 Na5 17. Bc3 Nc4 18. Kf1 Bb5 19. Qd1 Qa6 20. g4 Rc8 21.
Rc1 Rc6 22. Ne1 g5 23. Nfd3 gxh4 24. Nc2 Rc8 25. Bb4 Ng6 26. Bxe7 Kxe7 27. f4 Qb6 28. Qe1 Na5 29. f5 Bxd3 30. Rxd3 Nf4 31. Qxh4+ Kf8 32. Qf6 Rg8 33. Rf3 Nxe2 34. fxe6 Rc7 35. e7+ Rxe7 36. Qxb6 Nc4 37. Qd8+ Re8 38. Qxd5 Nf4 39. Qxc4 Ne6 40.
Ne3 Rxg4 41. Nxg4 Rd8 42. Nxh6 1-0

[Event "Late-Titled-Tuesday-Blitz-April-16-2024"]
[Site "Chess.com"]
[Date "2024.04.16"]
[Round "6"]
[White "cukus"]
[Black "Narek_Ghimoyan"]
[Result "1-0"]
[WhiteElo "2359"]
[BlackElo "2480"]
[TimeControl "180+1"]
[EndTime "15:03:20 PDT"]
[Termination "cukus won by resignation"]

1. d4 Nf6 2. c4 e6 3. Nc3 d5 4.
cxd5 Nxd5 5. e4 Nxc3 6. bxc3 c5 7. Nf3 cxd4 8. cxd4 Bb4+ 9. Bd2 Bxd2+ 10. Qxd2 O-O 11. Bc4 b6 12. O-O Bb7 13. Rfe1 Nd7 14. Rad1 Nf6 15. d5 exd5 16. exd5 Rc8 17. Bb3 Re8 18. Rxe8+ Qxe8 19.
d6 Bxf3 20. gxf3 Rd8 21. Qe3 Qxe3 22. fxe3 Ne8 23. d7 Nf6 24. Ba4 Kf8 25. Rc1 Nxd7 26. Rc7 Nc5 27. Rxa7 g5 28. Bb5 Rd1+ 29. Kf2 Rd2+ 30.
Kg3 h5 31. Bc4 h4+ 32. Kg4 Rxh2 33. Kxg5 h3 34. Kf6 Ke8 35. Rxf7 Rc2 36. Bb5+ Kd8 37. Rh7 h2 38. a4 Rf2 39. Bc6 Nd3 40. f4 Nc1 41.
Ke5 Ne2 42. Kd6 h1=Q 43. Rxh1 Rh2 44. Rxh2 1-0

[Event "Late-Titled-Tuesday-Blitz-April-16-2024"]
[Site "Chess.com"]
[Date "2024.04.16"]
[Round "6"]
[White "kleinebeer98"]
[Black "Oleksandr_Bortnyk"]
[Result "1-0"]
[WhiteElo "2886"]
[BlackElo "3049"]
[TimeControl "180+1"]
[EndTime "15:03:21 PDT"]
[Termination "kleinebeer98 won on time"]

1. e4 Nf6 2. Nc3 d5 3. exd5 Nxd5 4. Nf3 Nxc3 5. bxc3 g6 6. d4 Bg7 7. Bd3 c5 8. O-O O-O 9. dxc5 Qa5 10. Rb1 Qxc5 11. Re1 Nc6 12. Rb5 Qd6 13. Bg5 Bxc3 14. Re3 a6 15. Rb1 Bg7 16. Qe1 e5 17. Be4 Re8 18. Rd3 Qc7 19. Qc3 Be6 20. a4 Rac8 21. h3 f5 22. Bd5 e4 23. Bxe6+ Rxe6 24. Qc4 Kf7 25. Bf4 Qxf4 26. Rd7+ Ne7 27. Rxe7+ Kxe7 28. Rxb7+ Kf6 29. Qd4+ Qe5 30. Nxe5 Rxe5 31. Rxg7 Re8 32. Rxh7 f4 33. Ra7 e3 34. Rxa6+ Kg5 35. fxe3 1-0

[Event "Late-Titled-Tuesday-Blitz-April-16-2024"]
[Site "Chess.com"]
[Date "2024.04.16"]
[Round "6"]
[White "Tolyanius"]
[Black "rajesh1464"]
[Result "1-0"]
[WhiteElo "2627"]
[BlackElo "2390"]
[TimeControl "180+1"]
[EndTime "15:03:22 PDT"]
[Termination "Tolyanius won by resignation"]

1. e4 c5 2. Nf3 d6 3. d4 cxd4 4. Nxd4 Nf6 5. f3 Nc6 6. c4 Nxd4 7. Qxd4 g6 8. Nc3 Bg7 9. Be3 O-O 10. Qd2 Be6 11.
Rc1 Qa5 12. Be2 Rfc8 13. b3 a6 14. O-O b5 15. Nd5 Qxd2 16. Bxd2 Nxd5 17. cxd5 Bd7 18.
Be3 f5 19. Kf2 Bb2 20. Rb1 Ba3 21. Bd3 Bc5 22. b4 Bxe3+ 23. Kxe3 Rc3 24. Rfc1 Rac8 25.
Kd2 Rxc1 26. Rxc1 Rxc1 27. Kxc1 f4 28. Kd2 Kg7 29. Kc3 Kf6 30. Kd4 h6 31. Be2 g5 32. Bd3 h5 33. Be2 Be8 34. a4 Bd7 35. a5 Be8 36. e5+ Kg7 37. h4 Kh6 38. Bd3 gxh4 39.
Bf5 Kg5 40. Bc8 h3 41. gxh3 Kh4 42. Bxa6 Kxh3 43. Bc8+ Kg3 44. a6 e6 45. a7 dxe5+ 46. Kxe5 exd5 47. a8=Q 1-0

[Event "Late-Titled-Tuesday-Blitz-April-16-2024"]
[Site "Chess.com"]
[Date "2024.04.16"]
[Round "6"]
[White "Fins0905"]
[Black "divudis17"]
[Result "1-0"]
[WhiteElo "2780"]
[BlackElo "2573"]
[TimeControl "180+1"]
[EndTime "15:03:23 PDT"]
[Termination "Fins0905 won by checkmate"]

1. d4 Nf6 2. c4 g6 3. Nc3 Bg7 4. e4 d6 5. f3 O-O 6. Nge2 c5 7.
d5 e6 8. Ng3 exd5 9. cxd5 h5 10. Bg5 a6 11. a4 Nbd7 12. Be2 Qc7 13. O-O Nh7 14. Be3 Ne5 15. f4 Ng4 16. Bxg4 Bxg4 17. Qd2 h4 18. Nh1 Rfe8 19. Nf2 Bd7 20. f5 b5 21.
axb5 axb5 22. Rxa8 Rxa8 23. fxg6 fxg6 24. Bh6 b4 25.
Bxg7 Kxg7 26. Ne2 Bb5 27. Ng4 Bxe2 28. Qxe2 Rf8 29. Rxf8 Nxf8 30. Qe3 Qe7 31. b3 Kf7 32. e5 dxe5 33. Nxe5+ Kg8 34. Qf4 Kg7 35. h3 Nd7 36. Nf3 Qf6 37. Qc7 Qe7 38. d6 Qf7 39. Nxh4 c4 40.
bxc4 b3 41. Nf3 b2 42. Qb7 Qxc4 43. Qxb2+ Kh6 44. Qh8# 1-0

[Event "Late-Titled-Tuesday-Blitz-April-16-2024"]
[Site "Chess.com"]
[Date "2024.04.16"]
[Round "6"]
[White "GaiozNigalidze"]
[Black "ccccvhhhj"]
[Result "0-1"]
[WhiteElo "2672"]
[BlackElo "2443"]
[TimeControl "180+1"]
[EndTime "15:03:23 PDT"]
[Termination "ccccvhhhj won on time"]

1. e4 e6 2. d4 d5 3. e5 c5 4.
Nf3 Nc6 5. c3 Bd7 6. Be2 Qc7 7. a3 f6 8. exf6 Nxf6 9. b4 c4 10.
O-O Bd6 11. Bg5 O-O 12. Nbd2 Ne4 13. Nxe4 dxe4 14. Nd2 Bxh2+ 15. Kh1 Bf4 16. Nxe4 Bxg5 17. Nxg5 Rf5 18. Nh3 Ne7 19. Bg4 Rf6 20. Qe2 Nd5 21. Rac1 Raf8 22. Kg1 Rg6 23. Bf3 Bc6 24. Be4 Rh6 25.
b5 Bxb5 26. Rfe1 Bc6 27. Qxc4 Rxh3 28. gxh3 Qf4 29. Qe2 Rf6 30. c4 Ne7 31. d5 exd5 32.
cxd5 Bd7 33. Rc3 Ng6 34. Qe3 Qh4 35. d6 h6 36. Bg2 Nf4 37. Qg3 Qh5 38. Bf3 Qf5 39. Bg2 Rg6 0-1

[Event "Late-Titled-Tuesday-Blitz-April-16-2024"]
[Site "Chess.com"]
[Date "2024.04.16"]
[Round "6"]
[White "nassimzrikem"]
[Black "Doublekk14"]
[Result "1-0"]
[WhiteElo "2274"]
[BlackElo "2375"]
[TimeControl "180+1"]
[EndTime "15:03:23 PDT"]
[Termination "nassimzrikem won on time"]

1. e4 c5 2. Nf3 e6 3. d4 cxd4 4. Nxd4 Nf6 5. Nc3 Nc6 6. Ndb5 Bc5 7. Nd6+ Ke7 8. Nxc8+ Rxc8 9. Bg5 Qb6 10. Qd2 h6 11.
Bxf6+ gxf6 12. O-O-O Rhd8 13. Na4 Qb4 14. Nxc5 Qxc5 15.
Kb1 d6 16. c3 Ne5 17. f4 Nc4 18. Bxc4 Qxc4 19. Rhe1 Rc5 20. f5 Re5 21. Qd4 Qc6 22. g4 b6 23. Qe3 Rh8 24. Qf3 h5 25. h3 hxg4 26. hxg4 Rg8 27. Rd3 Rg5 28. Red1 Qxe4 29. Qxe4 Rxe4 30. Rxd6 exf5 31. Rd7+ Kf8 32. gxf5 Rxf5 33. Rxa7 Re7 34. Rd8+ Re8 35. Rdd7 Re2 36. Rxf7+ Kg8 37. a4 Rf1+ 38. Ka2 Rff2 39. Rfc7 Rxb2+ 40. Ka3 Ra2+ 41. Kb3 1-0